 Dungeon Crawl Stone Soup version 0.22.1-1-ga44c0e5 (webtiles) character file.

294 Stendarr the Gusty (level 6, -1/41 HPs)
             Began as a Human Air Elementalist on Sept 30, 2018.
             Slain by a hound (6 damage)
             ... on level 3 of the Dungeon.
             The game lasted 00:14:16 (4289 turns).

Stendarr the Gusty (Human Air Elementalist)         Turns: 4289, Time: 00:14:17

Health: -1/41      AC:  2    Str: 11    XL:     6   Next: 60%
Magic:  6/10       EV: 13    Int: 15    God:
Gold:   230        SH:  4    Dex: 13    Spells: 2/11 levels left

rFire    . . .     SeeInvis .   f - +0 hunting sling
rCold    + . .     Gourm    .   (no shield)
rNeg     . . .     Faith    .   a - +0 robe
rPois    .         Spirit   .   (no helmet)
rElec    .         Reflect  +   (no cloak)
rCorr    .         Harm     .   (no gloves)
MR       .....                  (no boots)
Stlth    ++........             k - +4 amulet of reflection
HPRegen  0.13/turn              q - ring of protection from cold
MPRegen  0.12/turn              (no ring)

@: no status effects
A: no striking features
a: no special abilities


You were on level 3 of the Dungeon.
You were not hungry.

You visited 1 branch of the dungeon, and saw 4 of its levels.
You also visited: Sewer.

You collected 230 gold pieces.

Inventory:

Hand Weapons
 f - a +0 hunting sling (weapon)
 u - a +2 dagger of venom
Missiles
 e - 6 needles of confusion
 h - 43 sling bullets (quivered)
 l - 167 stones
 r - 30 poisoned needles
Armour
 a - a +0 robe (worn)
Jewellery
 k - a +4 amulet of reflection (around neck)
 q - a ring of protection from cold (left hand)
Scrolls
 i - a scroll of fog {unknown}
 m - 2 scrolls of amnesia {unknown}
 n - 2 scrolls of immolation {unknown}
 o - 2 scrolls of blinking {unknown}
 p - 7 scrolls of identify {unknown}
 s - 2 scrolls of remove curse {unknown}
 t - 3 scrolls of teleportation {unknown}
 w - a scroll of noise {unknown}
Potions
 b - 2 potions of curing {unknown}
 d - a potion of lignification {unknown}
 g - 2 potions of berserk rage {unknown}
 j - 3 potions of brilliance {unknown}
 v - a potion of heal wounds {unknown}
Comestibles
 c - 10 rations
 x - 4 chunks of flesh


   Skills:
 + Level 3.3 Dodging
 - Level 2.0 Stealth
 + Level 3.1 Spellcasting
 * Level 3.9 Conjurations
 + Level 4.0 Air Magic


You had 2 spell levels left.
You knew the following spells:

 Your Spells              Type           Power        Failure   Level  Hunger
a - Shock                 Conj/Air       ##..         3%          1    #......
b - Swiftness             Chrm/Air       #.......     13%         2    ##.....
c - Static Discharge      Conj/Air       ##......     12%         3    ###....
d - Regeneration          Chrm/Necr      #.........   52%         3    ###....

Your spell library contained the following spells:

 Spells                   Type           Power        Failure   Level  Hunger
 Animate Skeleton         Necr           N/A          21%         1    #......
 Pain                     Necr           #...         21%         1    #......
 Airstrike                Air            ##........   36%         4    #####..
 Vampiric Draining        Necr           #.........   52%         3    ###....
 Lightning Bolt           Conj/Air       ##........   71%         5    ######.
 Animate Dead             Necr           N/A          89%         4    #####..


Dungeon Overview and Level Annotations

Branches:
Dungeon (4/15)
 Temple: D:4-7

Altars:
Trog
Beogh

Annotations:
D:3 3 runed doors, Oddysee's ghost, amateur GrFi


Message History

Confirm with . or Enter, or press ? or * to list all spells.
Aiming: Shock (safe; 3% risk of failure)
Press: ? - help, Shift-Dir - straight line The zap hits the hound.
The hound is lightly wounded.
The zap misses the hound.
You block the hound's attack. The hound bites you.
* * * LOW HITPOINT WARNING * * *
Casting: Shock (safe; 3% risk of failure)
Confirm with . or Enter, or press ? or * to list all spells.
Aiming: Shock (safe; 3% risk of failure)
Press: ? - help, Shift-Dir - straight line The zap misses the hound.
The zap hits the hound.
The hound is heavily wounded.
The hound closely misses you.
Casting: Shock (safe; 3% risk of failure)
Confirm with . or Enter, or press ? or * to list all spells.
Aiming: Shock (safe; 3% risk of failure)
Press: ? - help, Shift-Dir - straight line The zap misses the hound. x2; The hound barely misses you.
The hound bites you.
You die...

###...#.#.## ##.#####.##
#........### #..).......
####.......<..## #........##
##.##...........# #.####)#...
##.#.......####..# #.# #...##
##.###......# #..# #.# ##..#
#.##.......## #..# ##.#####..##
.###.......# ##.h####.#.........
#.##.......# #.@.....###.###..##
##.#.#...### #...####.#.####<.##
##......######...#####..........
#.......................#######
#.....#######.......##.##
#.....# #..####.##.# #.....#
#..# #.##.### #.....# #..#
#.##...# #####.#########..#
#.####.#


You could see a hound.

Vanquished Creatures
  A crocodile (Sewer)
  2 orc wizards
  An orc priest (D:3)
  An iguana (D:4)
  An adder (D:2)
  4 worms
  A dart slug (D:3)
  2 leopard geckos
  7 orcs
  A ball python (D:1)
  5 giant cockroaches
  6 goblins
  10 hobgoblins
  4 jackals (D:2)
  2 quokkas (D:3)
  10 bats
  3 frilled lizards
  6 kobolds
  9 rats
76 creatures vanquished.

Notes
Turn   | Place    | Note
-------+----------+-------------------------------------------
     0 | D:1      | Stendarr the Human Air Elementalist began the quest for the
                  | Orb.
     0 | D:1      | Reached XP level 1. HP: 13/13 MP: 3/3
   389 | D:1      | Reached XP level 2. HP: 19/19 MP: 1/5
  1620 | D:2      | Reached XP level 3. HP: 24/24 MP: 6/6
  2216 | D:2      | Found a bloodstained altar of Trog.
  2380 | D:3      | Reached XP level 4. HP: 30/30 MP: 7/7
  2727 | D:3      | Reached XP level 5. HP: 32/35 MP: 1/9
  2740 | D:3      | Found a glowing drain.
  2749 | Sewer    | Entered a sewer
  2814 | Sewer    | Noticed a crocodile
  2855 | Sewer    | Learned a level 2 spell: Swiftness
  2859 | Sewer    | Learned a level 3 spell: Static Discharge
  2872 | Sewer    | Killed a crocodile
  2872 | Sewer    | Reached XP level 6. HP: 14/41 MP: 5/10
  3130 | Sewer    | Learned a level 3 spell: Regeneration
  3673 | D:3      | Found a runed gate.
  3674 | D:3      | Found a runed gate.
  3674 | D:3      | Found a runed gate.
  3919 | D:3      | Noticed Oddysee's ghost (amateur GrFi)
  3922 | D:3      | Found a roughly hewn altar of Beogh.
  4054 | D:4      | Noticed an ogre
  4071 | D:4      | Reached skill level 4 in Air Magic
  4289 | D:3      | Slain by a hound

Skill      XL: |  1  2  3  4  5  6 |
---------------+-------------------+-----
Conjurations   | 2 3 |  3.9
Dodging        | 3 |  3.3
Spellcasting   | 3 |  3.1
Air Magic      | 4 |  4.0
Stealth        | |  2.0

Action                   |  1- 3 |  4- 6 || total
-------------------------+-------+-------++-------
Melee: Dagger            |     3 |    27 ||    30
       Unarmed           |     1 |       ||     1
 Fire: Hunting sling     |    58 |    76 ||   134
Throw: Stone             |       |     1 ||     1
 Cast: Shock             |    22 |    46 ||    68
 Stab: Sleeping          |       |     1 ||     1
  Eat: Chunk             |     5 |     4 ||     9
       Ration            |       |     1 ||     1
Armor: Robe              |     5 |    17 ||    22
Dodge: Dodged            |    13 |    53 ||    66
Block: Other             |     3 |    11 ||    14
       Reflection        |       |     2 ||     2
